 Dungeon Crawl Stone Soup version 0.30-a0-802-gb92711bcdf (webtiles) character file.

Game seed: 4505670589459809260

95 bmack86 the Trooper (level 4, 0/40 HPs)
             Began as a Minotaur Fighter on Feb 24, 2023.
             Slain by a gnoll
             ... wielding a +0 club
              (7 damage)
             ... on level 3 of the Dungeon.
             The game lasted 00:05:54 (1940 turns).

bmack86 the Trooper (Minotaur Fighter)              Turns: 1940, Time: 00:05:55

Health: 0/40       AC: 11    Str: 23    XL:     4   Next: 39%
Magic:  3/3        EV:  6    Int:  5    God:
Gold:   135        SH:  4    Dex:  9    Spells: 3/3 levels left

rFire   . . .      SeeInvis .    a - +0 war axe
rCold   . . .      Faith    .    c - +0 buckler
rNeg    . . .      Spirit   .    g - +0 plate armour
rPois   .          Reflect  .    (helmet restricted)
rElec   .          Harm     .    (no cloak)
rCorr   .          Rampage  .    (no gloves)
Will    .....                    (no boots) Stlth
                                 (no amulet)
HPRegen 0.26/turn                (no ring)
MPRegen 0.08/turn                (no ring)

@: no status effects
A: horns 2, retaliatory headbutt
a: no special abilities


You were on level 3 of the Dungeon.
You visited 1 branch of the dungeon, and saw 3 of its levels.

You collected 135 gold pieces.

Inventory:

Hand Weapons
 a - a +0 war axe (weapon)
Missiles
 e - 4 poisoned darts (quivered)
Armour
 b - a +0 scale mail
 c - a +0 buckler (worn)
 g - a +0 plate armour (worn)
Scrolls
 h - 4 scrolls of teleportation {unknown}
 l - a scroll of fear {unknown}
Potions
 d - a potion of might
 f - a potion of magic
 i - 2 potions of lignification
 k - 2 potions of heal wounds
 m - a potion of attraction
 n - a potion of haste {unknown}


   Skills:
 + Level 4.2 Fighting
 * Level 3.9 Axes
 + Level 0.9 Throwing
 + Level 4.2 Armour
 + Level 4.2 Shields


You had 3 spell levels left.
You didn't know any spells.
Your spell library contained the following spells:

 Spells                   Type           Power      Damage    Failure   Level
 Portal Projectile        Hex/Tloc       0%         N/A       100%        3
 Tukima's Dance           Hex            0%         N/A       100%        3
 Alistair's Intoxication  Tmut/Pois      0%         N/A       100%        5
 Blade Hands              Tmut           0%         N/A       100%        5
 Borgnjor's Vile Clutch   Necr/Erth      0%         N/A       100%        5
 Eringya's Noxious Bog    Tmut/Pois      0%         N/A       100%        6


Dungeon Overview and Level Annotations

Branches:
Dungeon (3/15)

Altars:


Innate Abilities, Weirdness & Mutations

You have a pair of horns on your head.
You reflexively headbutt those who attack you in melee.


Message History

Found a scroll of poison.
You now have 135 gold pieces (gained 8).
h - 4 scrolls labelled LEFFENKITI (gained 2)
You see here a scroll of poison.
You see here a scroll of poison.
As you open the door, it creaks loudly!
There is an open door here.
Found 5 stones.
Found a stone staircase leading down.
You see here 5 stones.
There is a stone staircase leading down here.
A gnoll comes into view. It is wielding a +0 club.
The gnoll shouts!
A gnoll comes into view. It is wielding a +0 club.
A gnoll comes into view. It is wielding a +0 flail.
The gnoll shouts! x2
A gnoll comes into view. It is wielding a +0 spear.
The gnoll moves out of view.
The gnoll shouts!
You slash the gnoll! You headbutt the gnoll.
The gnoll is severely wounded.
The gnoll hits you with a +0 flail.
The gnoll hits you from afar with a +0 spear!
The gnoll hits you but does no damage. The gnoll hits you with a +0 club.
The gnoll barely misses you. x2
You block the gnoll's attack.
You slash the gnoll!
The gnoll is severely wounded.
You hit the gnoll but do no damage. You slash the gnoll!
You hit the gnoll but do no damage. The gnoll hits you with a +0 club. x2
The gnoll hits you with a +0 flail!
* * * LOW HITPOINT WARNING * * *
The gnoll hits you with a +0 spear.
* * * LOW HITPOINT WARNING * * *
You slash the gnoll!
You kill the gnoll!
You barely miss the gnoll. You hit the gnoll but do no damage.
You barely miss the gnoll. You block the gnoll's attack.
The gnoll hits you with a +0 club!
You die...

#...# ####### #...#
#>....# #...# #.#...#
#######...# #.
#.##..###....##...# #.
#.###........##...# #. #.#
#........##...# #.
#(#####.g.g..##...#######.
#........@g..+............
#...#####)...##...#######.
##....# #....##...####....
#.##.# #....##...†....#..
#.##.# #..$.##........#.#
#.##.# #....##........#<#
#.##.# #....####......###
#.##..####### #.....#....
#.###. .. #.###.#..#<


You could see 3 gnolls.

Vanquished Creatures
  A gnoll (D:3)
  4 adders (D:2)
  A worm (D:2)
  A dart slug (D:2)
  7 ball pythons
  3 endoplasms
  A giant cockroach (D:3)
  6 goblins
  8 hobgoblins
  4 quokkas
  8 bats
  A frilled lizard (D:1)
  2 kobolds (D:1)
  5 rats
52 creatures vanquished.

Notes
Turn   | Place    | Note
-------+----------+-------------------------------------------
     0 | D:1      | bmack86 the Minotaur Fighter began the quest for the Orb.
     0 | D:1      | Reached XP level 1. HP: 19/19 MP: 0/0
   123 | D:1      | Reached XP level 2. HP: 27/27 MP: 1/1
  1062 | D:2      | Reached XP level 3. HP: 24/33 MP: 2/2
  1428 | D:2      | Reached XP level 4. HP: 39/40 MP: 3/3
  1940 | D:3      | Slain by a gnoll

Illustrated notes

Levels and vault maps discovered:
D:1:      dpeg_chamrin_arrival_tetris, layout_loops_corners, st_stairs_12,
          serial_park_tiny_2, minivault_5, minmay_misc_feat_hallway
D:2:      layout_loops_ring, kennysheep_generic_room_14
D:3:      layout_basic, hellmonk_ecumenical_altar_run_dry

Skill      XL: |  1  2 |
---------------+-------+-----
Axes           | 3 |  3.9
Armour         | 4 |  4.2
Fighting       | 4 |  4.2
Shields        | 4 |  4.2
Throwing       | |  0.9

Action                     |  1- 3 |  4- 6 || total
---------------------------+-------+-------++-------
  Melee: War axe           |    82 |    16 ||    98
         Headbutt          |     9 |     2 ||    11
    Use: Scroll            |     2 |     3 ||     5
 Armour: Scale mail        |     7 |       ||     7
         Plate armour      |    48 |     6 ||    54
  Dodge: Dodged            |    24 |     5 ||    29
  Block: Buckler           |    27 |     3 ||    30

Table legend: (Time is in decaauts)
 A = Elapsed time spent in this place.
 B = Non-inter-level travel time spent in this place.
 C = Inter-level travel time spent in this place.
 D = Time resting spent in this place.
 E = Time spent auto-exploring this place.
 F = Levels seen in this place.
 G = Mean time per level.
                   A        B        C        D        E       F      G
               +--------+--------+--------+--------+--------+-----+--------+
         Total |   1974 |   1910 |     64 |      0 |   1303 |   3 |  658.0 |
       Dungeon |   1974 |   1910 |     64 |      0 |   1303 |   3 |  658.0 |
               +--------+--------+--------+--------+--------+-----+--------+

Top non-repeatable levels by time:
     D:1: 1053 daAuts
     D:2: 761 daAuts
     D:3: 160 daAuts
